 Dungeon Crawl Stone Soup version 0.29-a0-284-gf9362112df (webtiles) character file.

Game seed: 6027990839281278094

413 avis the Cleaver (level 6, 0/52 HPs)
             Began as a Hill Orc Monk on Mar 21, 2022.
             Was a Follower of Beogh.
             Slain by an orc
             ... wielding a +0 morningstar
              (6 damage)
             ... on level 4 of the Dungeon on Mar 22, 2022.
             The game lasted 00:18:32 (4650 turns).

avis the Cleaver (Hill Orc Monk)                    Turns: 4650, Time: 00:18:33

Health: 0/52       AC:  9    Str: 14    XL:     6   Next: 91%
Magic:  7/7        EV:  6    Int: 12    God:    Beogh [*.....]
Gold:   136        SH:  0    Dex: 13    Spells: 4/5 levels left

rFire   . . .      SeeInvis +   a - +0 hand axe
rCold   . . .      Faith    .   (no shield)
rNeg    . . .      Spirit   .   m - +0 chain mail
rPois   .          Reflect  .   (no helmet)
rElec   .          Harm     .   d - +0 cloak
rCorr   .          Rampage  .   (no gloves)
Will    .....                   (no boots)
Stlth   ..........              (no amulet)
HPRegen 0.17/turn               v - ring of see invisible
MPRegen 0.10/turn               (no ring)

@: confused, ambrosia-drunk
A: no striking features
a: Renounce Religion


You were on level 4 of the Dungeon.
You worshipped Beogh.
Beogh was aware of your devotion.
You visited 1 branch of the dungeon, and saw 4 of its levels.

You collected 136 gold pieces.

Inventory:

Hand Weapons
 a - a +0 hand axe (weapon)
 i - a +0 spear
 j - a +0 hunting sling
 l - a +0 spear
 r - a +0 trident
 s - a +1 dagger of draining
 y - a +0 trident
Missiles
 e - 146 stones
 n - 8 poisoned darts
 u - 6 javelins
 w - a boomerang (quivered)
Armour
 b - a +0 robe
 d - a +0 cloak (worn)
 m - a +0 chain mail (worn)
 x - a +0 leather armour
Jewellery
 v - a ring of see invisible (left hand)
 A - a ring of protection from cold
Scrolls
 g - 3 scrolls of identify {unknown}
 h - 3 scrolls of blinking {unknown}
 o - a scroll of enchant armour {unknown}
 q - a scroll of immolation {unknown}
 B - a scroll of magic mapping {unknown}
Potions
 k - 2 potions of degeneration {unknown}
 t - a potion of brilliance {unknown}
 z - a potion of haste {unknown}


   Skills:
 - Level 4.0 Fighting
 * Level 8.9 Axes
 - Level 2.4 Dodging
 - Level 1.5 Stealth
 - Level 1.4 Unarmed Combat
 - Level 0.3 Transmutations
 + Level 2.6 Invocations


You had 4 spell levels left.
You knew the following spells:

 Your Spells              Type           Power      Damage    Failure   Level
a - Beastly Appendage     Tmut           0%         N/A       100%        1

Your spell library contained the following spells:

 Spells                   Type           Power      Damage    Failure   Level
 Wereblood                Tmut           0%         N/A       100%        2
 Spider Form              Tmut/Pois      0%         N/A       100%        3
 Leda's Liquefaction      Hex/Erth       0%         N/A       100%        4
 Lee's Rapid Deconstruct  Erth           0%         3d5*      100%        5
 Statue Form              Tmut/Erth      0%         N/A       100%        6


Dungeon Overview and Level Annotations

Branches:
Dungeon (4/15)
 Temple: D:4-7

Altars:
Yredelemnul


Message History

You hit the orc wizard.
The orc wizard is severely wounded.
You hit the orc but do no damage. You closely miss the orc wizard.
You hit the orc wizard but do no damage.
The orc wizard is severely wounded.
You closely miss the orc wizard. You hit the orc but do no damage.
The orc wizard hits you with a +0 dagger.
The orc hits you but does no damage.
The orc wizard gestures at you while chanting.
The puff of flame hits you but does no damage.
You closely miss the orc wizard.
The orc wizard is severely wounded.
You hit the orc wizard but do no damage.
You hit the orc.
The orc wizard hits you but does no damage.
The orc barely misses you.
The orc wizard hits you with a +0 dagger.
* * * LOW HITPOINT WARNING * * *
You barely miss the orc wizard. Your punch misses the orc wizard.
The orc wizard is severely wounded.
You hit the orc but do no damage. You completely miss the orc wizard.
The orc wizard barely misses you.
The orc wizard hits you with a +0 dagger.
* * * LOW HITPOINT WARNING * * *
The orc hits you with a +0 morningstar!
* * * LOW HITPOINT WARNING * * *
The orc throws a boomerang.
The boomerang hits you but does no damage.
The orc wizard gestures at you while chanting.
The puff of flame hits you.
* * * LOW HITPOINT WARNING * * *
You barely miss the orc wizard.
The orc wizard is heavily wounded.
The orc wizard hits you but does no damage.
You are confused.
You feel invigorated.
The orc wizard hits you but does no damage.
The orc wizard barely misses you. The orc hits you with a +0 morningstar.
You die...
Beogh appreciates the orc's killing of a heretic priest.

... ....... ...###.....
....... ..........#
....... ..........#
.........
###.......###........
...................#
#................# ###
#................. ...
#........o@...# ....
#........oo...# .....
...............###.....
...........)............
........................
........................
.....................##
.....###..............
.....###........#.....


You could see 2 orc wizards and an orc.

Vanquished Creatures
  2 black bears
  A howler monkey (D:4)
  A hound (D:4)
  An orc wizard (D:4)
  5 adders
  3 worms (D:2)
  5 orcs
  6 bats
  5 endoplasms
  3 giant cockroaches
  9 goblins
  10 hobgoblins
  2 jackals (D:1)
  7 kobolds
  6 quokkas
  3 ball pythons
  2 frilled lizards
  7 rats
78 creatures vanquished.

Vanquished Creatures (others)
  4 fungi (D:2)
  8 plants (D:2)
12 creatures vanquished.

Grand Total: 90 creatures vanquished

Notes
Turn   | Place    | Note
-------+----------+-------------------------------------------
     0 | D:1      | avis the Hill Orc Monk began the quest for the Orb.
     0 | D:1      | Reached XP level 1. HP: 19/19 MP: 1/1
   201 | D:1      | Reached XP level 2. HP: 26/27 MP: 2/2
   658 | D:1      | Learned a level 1 spell: Beastly Appendage
   789 | D:1      | Reached skill level 1 in Unarmed Combat
   789 | D:1      | Reached XP level 3. HP: 20/33 MP: 0/3
  1297 | D:2      | Found a basalt altar of Yredelemnul.
  1553 | D:2      | Reached skill level 5 in Axes
  2069 | D:2      | Reached XP level 4. HP: 12/40 MP: 4/4
  2660 | D:2      | Found a faded altar of an unknown god.
  3049 | D:3      | Reached skill level 6 in Axes
  3576 | D:3      | Became a worshipper of Beogh the Brigand
  3576 | D:3      | Reached * piety under Beogh
  3576 | D:3      | Reached ** piety under Beogh
  3692 | D:3      | Reached XP level 5. HP: 37/42 MP: 5/5
  3766 | D:3      | Noticed a black bear
  3779 | D:3      | Killed a black bear
  3780 | D:3      | Reached skill level 7 in Axes
  4284 | D:4      | Reached skill level 8 in Axes
  4284 | D:4      | Reached skill level 1 in Invocations
  4284 | D:4      | Reached XP level 6. HP: 38/52 MP: 6/6
  4318 | D:4      | Noticed a black bear
  4374 | D:4      | Killed a black bear
  4648 | D:4      | HP: 2/52 [orc wizard/puff of flame (2)]
  4650 | D:4      | Slain by an orc

Illustrated notes

Levels and vault maps discovered:
D:1:      minmay_arrival_three_doors, layout_rooms,
          hangedman_abyss_or_decor_lesser_grid
D:2:      layout_basic, shapermc_ecumenical_altar_mp_ritualfount, basic_altar
D:3:      layout_rooms, chequers_serial_rivers_micro_c
D:4:      layout_basic, nicolae_tso_carved_into_rock, temple_hall

Skill      XL: |  1  2  3  4  5  6 |
---------------+-------------------+-----
Fighting       | 4 |  4.0
Unarmed Combat | 1 |  1.4
Axes           | 5 6 8 |  8.9
Invocations    | 1 2 |  2.6
Dodging        | |  2.4
Stealth        | |  1.5
Transmutations | |  0.3

Action                   |  1- 3 |  4- 6 || total
-------------------------+-------+-------++-------
Melee: Hand axe          |   163 |   200 ||   363
       Kick              |     7 |       ||     7
       Headbutt          |     4 |       ||     4
       Punch             |     1 |     5 ||     6
Throw: Dart              |       |     4 ||     4
       Boomerang         |       |     1 ||     1
 Cast: Beastly Appendage |     9 |       ||     9
Invok: Convert to Beogh  |       |     1 ||     1
       Smiting           |       |     1 ||     1
  Use: Potion            |       |     5 ||     5
 Stab: Sleeping          |     2 |       ||     2
Armor: Robe              |    15 |       ||    15
       Chain mail        |    22 |   173 ||   195
Dodge: Dodged            |    52 |    74 ||   126

Table legend: (Time is in decaauts)
 A = Elapsed time spent in this place.
 B = Non-inter-level travel time spent in this place.
 C = Inter-level travel time spent in this place.
 D = Time resting spent in this place.
 E = Time spent auto-exploring this place.
 F = Levels seen in this place.
 G = Mean time per level.
                   A        B        C        D        E       F      G
               +--------+--------+--------+--------+--------+-----+--------+
         Total |   4656 |   4477 |    179 |   1977 |   1528 |   4 | 1164.0 |
       Dungeon |   4656 |   4477 |    179 |   1977 |   1528 |   4 | 1164.0 |
               +--------+--------+--------+--------+--------+-----+--------+

Top non-repeatable levels by time:
     D:2: 1731 daAuts
     D:1: 1244 daAuts
     D:3: 1193 daAuts
     D:4: 487 daAuts
